 Dungeon Crawl Stone Soup version 0.31-a0-164-g2312942fda (webtiles) character file.

Game seed: 8707285066704454379

2327 qw the Skirmisher (level 9, -1/57 HPs)
             Began as a Gargoyle Hunter on June 13, 2023.
             Was a Follower of Okawaru.
             Shot with an arrow by a centaur warrior (22 damage)
             ... on level 8 of the Dungeon.
             The game lasted 00:02:11 (5170 turns).

qw the Skirmisher (Gargoyle Hunter)                 Turns: 5170, Time: 00:02:11

Health: -1/57      AC: 12    Str: 15    XL:     9   Next: 42%
Magic:  9/11       EV: 16    Int: 10    God:    Okawaru [*.....]
Gold:   86         SH:  0    Dex: 17    Spells: 8/8 levels left

rFire   + . .        Y - +0 triple crossbow
rCold   . . .        (shield currently unavailable)
rNeg    + . .        j - +2 robe {Will+}
rPois   inf          (no helmet)
rElec   +            (no cloak)
rCorr   .            e - +0 pair of gloves
SInv    .            (no boots)
Will    +....        c - amulet of faith
Stlth   +++          b - ring of protection from fire
HPRegen 0.29/turn    (no ring)
MPRegen 0.12/turn

%: faith
@: about to teleport, heroic
A: sickness immunity, AC +6, negative energy resistance 1, electricity
resistance, torment resistance 1, petrification resistance
a: Renounce Religion, Heroism


You were on level 8 of the Dungeon.
You worshipped Okawaru.
Okawaru was aware of your devotion.
You visited 2 branches of the dungeon, and saw 9 of its levels.

You collected 392 gold pieces.
You spent 306 gold pieces at shops.


Innate Abilities, Weirdness & Mutations

You are immune to sickness and miasma.
Your stone body is resilient. (AC +6)
You are immune to poison.
You resist negative energy. (rN+)
You are resistant to electric shocks. (rElec)
You are resistant to unholy torment.
You are immune to petrification.


   Skills:
 - Level 7.0(12.0) Fighting
 + Level 10.0(15.0) Ranged Weapons
 - Level 2.1(7.1) Armour
 - Level 3.2(8.2) Dodging
 - Level 1.1(6.1) Stealth
 + Level 3.7 Invocations


You had 8 spell levels left.
You didn't know any spells.
Your spell library was empty.

Inventory:

Hand Weapons
 Y - a +0 triple crossbow (weapon)
Armour
 e - a +0 pair of gloves (worn)
 f - +0 acid dragon scales
 j - a +2 robe of willpower (worn)
Jewellery
 b - a ring of protection from fire (left hand)
 c - an amulet of faith (around neck)
 m - an amulet of the acrobat
Wands
 a - a wand of digging (4)
Scrolls
 d - 3 scrolls of identify
 i - 8 scrolls of teleportation
Potions
 g - 2 potions of mutation
 h - a potion of resistance
 l - a potion of attraction
 n - 2 potions of curing

Dungeon Overview and Level Annotations

Branches:
Dungeon (8/15)             Temple (1/1) D:6
   Lair: D:8-11

Altars:
Ashenzari
Cheibriados
Dithmenos
Elyvilon
Fedhas
Gozag
Hepliaklqana
Kikubaaqudgha
Nemelex Xobeh
Okawaru
Ru
Sif Muna
Trog
Uskayaw
Vehumet
Xom
Zin
The Shining One

Shops:
D:1 ?   D:6 ![[


Message History

The howler monkey barely misses you. The howler monkey hits you.
The howler monkey hoots and howls with incredible vigour!
You hear an angry buzzing noise.
You hear a shout! x2
You shoot a bolt.
The bolt closely misses the howler monkey.
The howler monkey barely misses you. The howler monkey closely misses you.
You shoot a bolt.
The bolt barely misses the howler monkey.
The howler monkey barely misses you. The howler monkey misses you.
You shoot a bolt.
The bolt closely misses the howler monkey.
The howler monkey hits you.
The howler monkey hoots and howls with incredible vigour!
You shoot a bolt. The bolt hits the howler monkey!!!
You kill the howler monkey!
Okawaru accepts your kill.
You start resting.
A centaur warrior comes into view.
You shoot a bolt. The bolt hits the centaur warrior.
The centaur warrior is lightly wounded.
The centaur warrior wields a +0 shortbow.
The centaur warrior shoots an arrow.
The arrow hits you but does no damage.
The centaur warrior shoots an arrow.
The arrow hits you!
The centaur warrior shoots an arrow.
The arrow hits you but does no damage.
5167 ||| INVOKING Heroism.
You gain the combat prowess of a mighty hero.
The centaur warrior shoots an arrow.
The arrow hits you!!
5168 ||| READING 9 scrolls of teleportation.
As you read the scroll of teleportation, it crumbles to dust.
You feel strangely unstable.
The centaur warrior shoots an arrow.
The arrow closely misses you.
The centaur warrior shoots an arrow.
The arrow hits you.
5169 ||| DRINKING potion of heal wounds.
You feel much better.
The centaur warrior shoots an arrow.
The arrow barely misses you.
You shoot a bolt. The bolt hits the centaur warrior!
The centaur warrior is moderately wounded.
The centaur warrior shoots an arrow.
The arrow hits you!
The centaur warrior shoots an arrow.
The arrow hits you!!
You die...

#.# ..# #.##..#
##.##..## .......
######.....
#......##.#
#.......#.#
###.....#...####
#.......+...@..#
#.#.....######..#
##.####### .#
#....##.. .%
#....##.# #.
#....##.# c
#.......#
##.#....#
#.#....#


You could see a centaur warrior.

Vanquished Creatures
  An acid dragon (D:8)
  Duvessa (D:6)
  A sky beast (D:7)
  3 water moccasins
  3 ogres
  2 black bears
  A phantom (D:7)
  2 bullfrogs
  4 scorpions
  Dowan (D:6)
  4 howler monkeys
  2 hounds (D:4)
  2 orc priests
  A jelly (D:7)
  A gnoll bouda (D:7)
  3 sleepcaps
  3 iguanas
  3 orc wizards
  7 gnolls
  7 adders
  A shadow imp (D:6)
  A white imp (D:7)
  An ufetubus (D:5)
  A worm (D:4)
  6 dart slugs
  10 orcs (D:4)
  3 endoplasms
  3 giant cockroaches
  7 goblins
  5 hobgoblins
  2 jackals (D:4)
  3 quokkas
  9 ball pythons
  4 bats
  A frilled lizard (D:1)
  8 kobolds
  3 rats
120 creatures vanquished.

Notes
Turn   | Place    | Note
-------+----------+-------------------------------------------
     0 | D:1      | qw the Gargoyle Hunter began the quest for the Orb.
     0 | D:1      | Reached XP level 1. HP: 12/12 MP: 1/1
     0 | D:1      | 0 ||| qw: Version: 0.2-a-29-gc1b59c4
     0 | D:1      | 0 ||| qw: Game counter: 4464
     0 | D:1      | 0 ||| qw: Always use a shield: true
     0 | D:1      | 0 ||| qw: God list: Okawaru
     0 | D:1      | 0 ||| qw: Allow faded altars: false
     0 | D:1      | 0 ||| qw: Do Orc after D:15 true
     0 | D:1      | 0 ||| qw: Do second Lair branch before Depths: true
     0 | D:1      | 0 ||| qw: Lair rune preference: random
     0 | D:1      | 0 ||| qw: Plans: Normal, Zot:1-4, Slime:5, God:TSO, Crypt,
                  | Tomb, Abyss, Pan, Hells, Win
     0 | D:1      | 0 ||| PLANNING D:1-11
    11 | D:1      | HP: 3/12 [ball python (2)]
    16 | D:1      | HP: 1/12 [ball python (1)]
   124 | D:1      | Reached XP level 2. HP: 17/17 MP: 2/2
   195 | D:1      | Found Afi Virph's Magic Scroll Shop.
   202 | D:1      | 202 ||| SHOPLISTING 3 scrolls of teleportation (90 gold,
                  | have 27).
   202 | D:1      | 202 ||| SHOPLISTING scroll of brand weapon (95 gold, have
                  | 27).
   202 | D:1      | 202 ||| SHOPLISTING scroll of enchant weapon (75 gold, have
                  | 27).
   202 | D:1      | 202 ||| BUYING scroll of identify (20 gold).
   202 | D:1      | Bought a scroll of identify for 20 gold pieces
   202 | D:1      | 202 ||| SHOPLISTING scroll of identify (20 gold, have 7).
   202 | D:1      | 202 ||| SHOPLISTING scroll of teleportation (30 gold, have
                  | 7).
   628 | D:1      | Reached XP level 3. HP: 21/21 MP: 3/3
   848 | D:1      | 848 ||| UPGRADING to +0 pair of gloves.
   853 | D:1      | 853 ||| DROPPING ring of wizardry.
   854 | D:1      | 854 ||| DRINKING 2 fuming golden potions.
   855 | D:1      | 855 ||| READING 4 scrolls of identify.
   855 | D:1      | 855 ||| IDENTIFYING clear potion
   856 | D:1      | 856 ||| DROPPING scroll of butterflies.
   857 | D:1      | 857 ||| DROPPING potion of enlightenment.
   891 | D:2      | Reached skill level 5 in Ranged Weapons
  1452 | D:2      | 1452 ||| UPGRADING to +0 ring mail.
  1462 | D:2      | 1462 ||| DROPPING +0 leather armour.
  1463 | D:2      | 1463 ||| UPGRADING to ring of protection from fire.
  1464 | D:2      | 1464 ||| READING scroll labelled WIOXZA ZUAK.
  1465 | D:2      | 1465 ||| READING scroll labelled FEJYWI PIKKYBB.
  1466 | D:2      | 1466 ||| READING scroll labelled DEUMAO YROTUG.
  1467 | D:2      | 1467 ||| READING scroll labelled SAKAUP FOOCWEA.
  1468 | D:2      | 1468 ||| DRINKING 2 coppery potions.
  1727 | D:3      | 1727 ||| Stepping ~*~*~tactically~*~*~ (outnumbered).
  1729 | D:3      | Reached skill level 1 in Armour
  1922 | D:3      | 1922 ||| SWAPPING to +0 triple crossbow.
  1923 | D:3      | 1923 ||| DROPPING +1 shortbow.
  1927 | D:3      | Reached skill level 3 in Fighting
  1927 | D:3      | Reached XP level 4. HP: 28/28 MP: 4/4
  2037 | D:3      | 2037 ||| READING scroll labelled HEMAOPRULEH.
  2038 | D:3      | 2038 ||| READING scroll labelled VUSIGE WISH.
  2039 | D:3      | 2039 ||| READING 4 scrolls labelled AFAGRO LESTO.
  2043 | D:3      | 2043 ||| READING 3 scrolls of identify.
  2043 | D:3      | 2043 ||| IDENTIFYING silvery potion
  2097 | D:4      | Reached XP level 5. HP: 25/32 MP: 5/5
  2125 | D:4      | 2125 ||| FLEEEEING.
  2126 | D:4      | 2126 ||| FLEEEEING.
  2128 | D:4      | 2128 ||| FLEEEEING.
  2129 | D:4      | 2129 ||| FLEEEEING.
  2130 | D:4      | 2130 ||| FLEEEEING.
  2131 | D:4      | 2131 ||| FLEEEEING.
  2133 | D:4      | 2133 ||| FLEEEEING.
  2139 | D:4      | 2139 ||| FLEEEEING.
  2140 | D:4      | 2140 ||| FLEEEEING.
  2144 | D:4      | 2144 ||| FLEEEEING.
  2145 | D:4      | 2145 ||| FLEEEEING.
  2146 | D:4      | 2146 ||| FLEEEEING.
  2147 | D:4      | 2147 ||| STAIRDANCE
  2251 | D:4      | Found a hide-covered altar of Uskayaw.
  2295 | D:4      | Reached skill level 6 in Ranged Weapons
  2300 | D:4      | Found a shimmering blue altar of Sif Muna.
  2319 | D:4      | 2319 ||| FLEEEEING.
  2320 | D:4      | 2320 ||| FLEEEEING.
  2321 | D:4      | 2321 ||| FLEEEEING.
  2322 | D:4      | 2322 ||| FLEEEEING.
  2323 | D:4      | 2323 ||| FLEEEEING.
  2324 | D:4      | 2324 ||| FLEEEEING.
  2325 | D:4      | 2325 ||| FLEEEEING.
  2426 | D:4      | Reached XP level 6. HP: 38/38 MP: 6/6
  2562 | D:4      | 2562 ||| FLEEEEING.
  2563 | D:4      | 2563 ||| FLEEEEING.
  2564 | D:4      | 2564 ||| FLEEEEING.
  2565 | D:4      | 2565 ||| DRINKING potion of curing.
  2565 | D:4      | 2565 ||| (to cure confusion)
  2566 | D:4      | 2566 ||| FLEEEEING.
  2568 | D:4      | 2568 ||| FLEEEEING.
  2569 | D:4      | 2569 ||| FLEEEEING.
  2570 | D:4      | 2570 ||| FLEEEEING.
  2571 | D:4      | 2571 ||| FLEEEEING.
  2572 | D:4      | 2572 ||| FLEEEEING.
  2578 | D:4      | 2578 ||| FLEEEEING.
  2579 | D:4      | 2579 ||| FLEEEEING.
  2580 | D:4      | 2580 ||| FLEEEEING.
  2581 | D:4      | 2581 ||| FLEEEEING.
  2582 | D:4      | 2582 ||| FLEEEEING.
  2587 | D:4      | 2587 ||| FLEEEEING.
  2588 | D:4      | 2588 ||| FLEEEEING.
  2589 | D:4      | 2589 ||| FLEEEEING.
  2590 | D:4      | 2590 ||| FLEEEEING.
  2594 | D:4      | 2594 ||| FLEEEEING.
  2595 | D:4      | 2595 ||| FLEEEEING.
  2601 | D:4      | Reached skill level 7 in Ranged Weapons
  2601 | D:4      | 2601 ||| FLEEEEING.
  2602 | D:4      | 2602 ||| FLEEEEING.
  2658 | D:4      | 2658 ||| Invisibility monster not found???
  2697 | D:4      | Found a shimmering altar of Xom.
  2922 | D:4      | 2922 ||| UPGRADING to amulet of the acrobat.
  2927 | D:4      | 2927 ||| READING scroll labelled ASIPELOKYO.
  2928 | D:4      | 2928 ||| READING scroll labelled KON YLUGYESOE.
  2929 | D:4      | 2929 ||| READING scroll labelled FAFOF ZIVVUTE.
  2958 | D:4      | 2958 ||| READING scroll labelled ACYULU QEMU.
  2987 | D:5      | Entered Level 5 of the Dungeon
  2991 | D:5      | 2991 ||| STAIRDANCE
  3002 | D:4      | Reached XP level 7. HP: 24/43 MP: 7/7
  3234 | D:5      | Reached skill level 8 in Ranged Weapons
  3586 | D:5      | Found a sacrificial altar of Ru.
  3603 | D:5      | 3603 ||| UPGRADING to amulet of faith.
  3613 | D:5      | 3613 ||| DRINKING 2 fuming cyan potions.
  3614 | D:5      | 3614 ||| READING 7 scrolls of identify.
  3614 | D:5      | 3614 ||| IDENTIFYING cyan potion
  3615 | D:5      | 3615 ||| READING 6 scrolls of identify.
  3615 | D:5      | 3615 ||| IDENTIFYING bubbling grey potion
  3616 | D:5      | 3616 ||| READING 5 scrolls of identify.
  3616 | D:5      | 3616 ||| IDENTIFYING green potion
  3617 | D:5      | 3617 ||| DROPPING potion of invisibility.
  3618 | D:5      | 3618 ||| DROPPING potion of degeneration.
  3638 | D:6      | Reached XP level 8. HP: 49/49 MP: 8/8
  3748 | D:6      | Found Rapol's Armour Boutique.
  3749 | D:6      | Noticed Dowan
  3750 | D:6      | Noticed Duvessa
  3751 | D:6      | 3751 ||| Stepping ~*~*~tactically~*~*~ (outnumbered).
  3757 | D:6      | Killed Duvessa
  3763 | D:6      | Killed Dowan
  3867 | D:6      | 3867 ||| BUYING +2 robe of willpower (247 gold).
  3867 | D:6      | Bought a +2 robe of willpower for 247 gold pieces
  3867 | D:6      | 3867 ||| SHOPLISTING +3 acid dragon scales "Ussiezani"
                  | {rElec rPois rCorr Str-3 Slay+5} (1230 gold, have 73).
  3867 | D:6      | 3867 ||| SHOPLISTING +5 ring mail of Poutyext {Stlth+} (543
                  | gold, have 73).
  3886 | D:6      | Found a glowing silver altar of Zin.
  3916 | D:6      | Reached skill level 9 in Ranged Weapons
  3956 | D:6      | Reached skill level 6 in Fighting
  3981 | D:6      | Found Naud's Distillery.
  3990 | D:6      | 3990 ||| BUYING potion of curing (39 gold).
  3990 | D:6      | Bought a potion of curing for 39 gold pieces
  3990 | D:6      | 3990 ||| SHOPLISTING potion of lignification (39 gold, have
                  | 34).
  3990 | D:6      | 3990 ||| SHOPLISTING potion of magic (104 gold, have 34).
  3990 | D:6      | 3990 ||| SHOPLISTING potion of might (52 gold, have 34).
  4131 | D:6      | Found a staircase to the Ecumenical Temple.
  4132 | D:6      | 4132 ||| PLANNING TEMPLE
  4132 | D:6      | 4132 ||| UPGRADING to +2 robe of willpower.
  4142 | D:6      | 4142 ||| DROPPING +0 ring mail.
  4151 | Temple   | Entered the Ecumenical Temple
  4151 | Temple   | Found a transporter.
  4151 | Temple   | Found a transporter.
  4153 | Temple   | Found a transporter.
  4153 | Temple   | Found a transporter.
  4163 | Temple   | 4163 ||| PLANNING D:1-11
  4166 | Temple   | 4166 ||| PLANNING OKAWARU WORSHIP
  4170 | Temple   | Became a worshipper of Warmaster Okawaru
  4170 | Temple   | 4170 ||| PLANNING D:1-11
  4228 | D:6      | Found Agiblipi's Armour Emporium.
  4236 | D:6      | 4236 ||| SHOPLISTING +2 robe of Vanity {Dex+3} (288 gold,
                  | have 34).
  4236 | D:6      | 4236 ||| SHOPLISTING +3 ring mail of poison resistance (276
                  | gold, have 34).
  4236 | D:6      | 4236 ||| SHOPLISTING +5 ring mail of Maceff {*Corrode Will+
                  | Str+4} (532 gold, have 34).
  4236 | D:6      | 4236 ||| READING 4 scrolls of identify.
  4236 | D:6      | 4236 ||| IDENTIFYING ruby potion
  4237 | D:6      | 4237 ||| DROPPING potion of berserk rage.
  4341 | D:7      | 4341 ||| FLEEEEING.
  4342 | D:7      | 4342 ||| FLEEEEING.
  4353 | D:7      | 4353 ||| FLEEEEING.
  4354 | D:7      | 4354 ||| FLEEEEING.
  4472 | D:7      | Found a blossoming altar of Fedhas.
  4601 | D:7      | Reached skill level 10 in Ranged Weapons
  4611 | D:7      | Reached * piety under Okawaru
  4612 | D:7      | Reached XP level 9. HP: 55/55 MP: 9/9
  4629 | D:7      | Reached skill level 3 in Dodging
  4629 | D:7      | Reached skill level 1 in Invocations
  4804 | D:7      | 4804 ||| INVOKING Heroism.
  4927 | D:7      | Found a broken altar of Ashenzari.
  4944 | D:7      | 4944 ||| READING scroll labelled YSSITIO SUITER.
  5096 | D:8      | Reached skill level 3 in Invocations
  5165 | D:8      | Noticed a centaur warrior
  5167 | D:8      | 5167 ||| INVOKING Heroism.
  5167 | D:8      | HP: 14/57 [centaur warrior/arrow (24)]
  5168 | D:8      | 5168 ||| READING 9 scrolls of teleportation.
  5169 | D:8      | 5169 ||| DRINKING potion of heal wounds.
  5170 | D:8      | Shot with an arrow by a centaur warrior

Levels and vault maps discovered:
D:1:      dpeg_arrival_stonehenge_8_columns, layout_basic, serial_shops,
          shop_fountains, nrook_mini_backslash
D:2:      layout_basic, minmay_pentomino_x4
D:3:      layout_basic
D:4:      layout_basic, mainiacjoe_overflow_catwalk,
          mainiacjoe_overflow_surrounded_room, xom_teletrap_fun
D:5:      layout_loops_ring, nicolae_ru_path_of_blood
D:6:      lemuel_ice_spiral_2, layout_basic, zin_treasury,
          minmay_temple_entry_large_hall, serial_shops, nicolae_diamond_shop,
          shop, nicolae_shop_getting_attention, uniq_duvessa
D:7:      cheibrodos_quashed, layout_rooms, fedhas_altar_4,
          nicolae_ashenzari_skybound
D:8:      minmay_bloctagon_deflated, layout_basic, mainiacjoe_overflow_paths,
          nicolae_overflow_crystal_walls
Temple:   hellmonk_temple_divided_pantheon

Skill      XL: |  1  2  3  4  5  6  7  8  9 |
---------------+----------------------------+-----
Ranged Weapons | 5 6 7 8 10 | 10.0
Armour         | 1 2 |  2.1
Fighting       | 3 4 5 6 7 |  7.0
Dodging        | 2 3 |  3.2
Invocations    | 3 |  3.7
Stealth        | |  1.1

Action                     |  1- 3 |  4- 6 |  7- 9 || total
---------------------------+-------+-------+-------++-------
   Fire: Shortbow          |   109 |       |       ||   109
         Triple crossbow   |     3 |   146 |   144 ||   293
 Invoke: Heroism           |       |       |     2 ||     2
    Use: Scroll            |     5 |     8 |     6 ||    19
         Potion            |     2 |     1 |     2 ||     5
 Armour: Leather armour    |    17 |       |       ||    17
         Ring mail         |     7 |    53 |    47 ||   107
         Robe              |       |       |    14 ||    14
  Dodge: Dodged            |    29 |    66 |    87 ||   182

Table legend:
 A = Non-vault XP
 B = Vault XP
 C = Vault XP percentage of total XP
 D = Non-vault monster count
 E = Vault monster count
 F = Vault count percentage of total count
                 A         B        C        D         E       F
            +---------+---------+-------+---------+---------+-------
      Total |    3112 |     213 |   6.4 |     113 |       7 |   5.8
            +---------+---------+-------+---------+---------+-------
        D:1 |      38 |       0 |   0.0 |      23 |       0 |   0.0
        D:2 |       3 |       9 |  75.0 |       3 |       5 |  62.5
        D:3 |      60 |       0 |   0.0 |      11 |       0 |   0.0
        D:4 |     573 |       0 |   0.0 |      38 |       0 |   0.0
        D:5 |     506 |       0 |   0.0 |       9 |       0 |   0.0
        D:6 |     504 |     204 |  28.8 |       9 |       2 |  18.2
        D:7 |    1003 |       0 |   0.0 |      15 |       0 |   0.0
        D:8 |     425 |       0 |   0.0 |       5 |       0 |   0.0
            +---------+---------+-------+---------+---------+-------
